 Dungeon Crawl Stone Soup version 0.24.0-37-gcf1ca852f1 (webtiles) character file.

Game seed: 16531610755760341266, levelgen mode: deterministic

0 glosham the Skirmisher (level 1, -4/18 HPs)
             Began as a Mummy Abyssal Knight on Dec 7, 2019.
             Was a Follower of Lugonu.
             Slain by an orange demon (13 damage)
             ... on level 2 of the Abyss.
             The game lasted 00:03:12 (118 turns).

glosham the Skirmisher (Mummy Abyssal Knight)        Turns: 118, Time: 00:03:13

Health: -4/18      AC:  3    Str: 15    XL:     1   Next: 0%
Magic:  2/2        EV: 11    Int: 11    God:    Lugonu [*.....]
Gold:   60         SH:  0    Dex: 11    Spells: 0/0 levels left

rFire    x . .     SeeInvis .   a - +1 hand axe
rCold    + . .     Gourm    .   (no shield)
rNeg     + + +     Faith    .   b - +0 leather armour
rPois    ∞         Spirit   .   (no helmet)
rElec    .         Reflect  .   (no cloak)
rCorr    .         Harm     .   (no gloves)
MR       .....                  (no boots)
Stlth    +.........             (no amulet)
HPRegen  0.06/turn              (no ring)
MPRegen  0.08/turn              (no ring)

@: no status effects
A: no food or potions, fire vulnerability, cold resistance 1, negative energy
resistance 3, torment resistance, unbreathing
a: Depart the Abyss, Renounce Religion


You were on level 2 of the Abyss.
You worshipped Lugonu.
Lugonu was aware of your devotion.
You were not hungry.

You visited 0 branches of the dungeon, and saw 0 of its levels.
You visited the Abyss 1 time.

You collected 60 gold pieces.

Inventory:

Hand Weapons
 a - a +1 hand axe (weapon)
Missiles
 c - 18 bolts
Armour
 b - a +0 leather armour (worn)


   Skills:
 - Level 3.0 Fighting
 * Level 1.5 Axes
 - Level 1.5 Armour
 - Level 0.7 Dodging
 - Level 1.5 Invocations


You couldn't memorise any spells.
You didn't know any spells.
Your spell library contained the following spells:

 Spells                   Type           Power        Failure   Level  Hunger
 Poisonous Vapours        Pois/Air       #.....       54%         2    N/A
 Conjure Flame            Conj/Fire      #.......     78%         3    N/A
 Mephitic Cloud           Conj/Pois/Air  #.......     78%         3    N/A
 Freezing Cloud           Conj/Ice/Air   #.........   100%        6    N/A
 Ring of Flames           Chrm/Fire      #.........   100%        7    N/A

Dungeon Overview and Level Annotations

Branches:
Dungeon (0/15)

Altars:


Innate Abilities, Weirdness & Mutations

You do not eat or drink.
Your flesh is vulnerable to fire.
You are immune to poison.
Your flesh is cold resistant. (rC+)
You are immune to negative energy. (rN+++)
You are immune to unholy pain and torment.
You can survive without breathing.


Message History

An ufetubus comes into view.
Tentacles burst from the starspawn's body! 2 starspawn tentacles come into view.
A tentacle flies out from the starspawn's body!
A starspawn tentacle comes into view.
A starspawn tentacle comes into view.
Tentacles burst from the starspawn's body! 2 starspawn tentacles come into view.
A raiju comes into view.
Found 10 gold pieces.
A tentacle flies out from the starspawn's body!
A starspawn tentacle comes into view.
Found a ration.
Found a gateway leading deeper into the Abyss.
There is a gateway leading deeper into the Abyss here.
You plunge deeper into the Abyss.
Found 19 gold pieces and a paperback book.
Found a ration and a fuming golden potion.
Found a runed flail.
Found 25 gold pieces.
You see here 19 gold pieces.
You now have 19 gold pieces.
You see here a book of Clouds.
You pick up a book of Clouds and begin reading...
You add the spells Poisonous Vapours, Mephitic Cloud, Conjure Flame, Freezing Cloud and Ring of Flames to your library.
You see here 25 gold pieces.
You now have 44 gold pieces (gained 25).
Found 16 gold pieces.
Found a gateway leading out of the Abyss.
You see here 16 gold pieces.
You now have 60 gold pieces (gained 16).
An orange demon comes into view.
The orange demon screeches!
A small abomination comes into view.
The orange demon stings you but does no damage.
The orange demon stings you from afar!
Ouch! That really hurt!
The orange demon stings you from afar!
Ouch! That really hurt!
You die...

##. #..
.......##.# #
#..#. .....#
.#.##.. ###
..##. #.###
#.###.#..# #
#@.#...# ## .#
##.....## .#...
#..#4#.# ....
#.#x..###..#
#.#..#.#..#.#.#
#..∩.##... ....
#####..##..##.#
##.# ...# #
....


You could see an orange demon and a small abomination.

Vanquished Creatures (others)
  12 starspawn tentacles (Abyss:1)
12 creatures vanquished.

Notes
Turn   | Place    | Note
-------+----------+-------------------------------------------
     0 | Abyss:1  | glosham the Mummy Abyssal Knight began the quest for the
                  | Orb.
     0 | Abyss:1  | Reached XP level 1. HP: 18/18 MP: 2/2
    31 | Abyss:1  | Noticed a tentacled starspawn
    69 | Abyss:1  | Noticed a raiju
   110 | Abyss:2  | Noticed an orange demon
   111 | Abyss:2  | Noticed a small abomination
   118 | Abyss:2  | Slain by an orange demon

Levels and vault maps discovered:
Abyss:2:  hangedman_abyss_or_decor_jellyfish_corner

Action                   || total
-------------------------++-------
Armor: Leather armour    ||     1

Table legend:
 A = Turns spent in this place as a percentage of turns spent in the entire game.
 B = Non-inter-level travel turns spent in this place as a percentage of non-inter-level travel turns spent in the entire game.
 C = Inter-level travel turns spent in this place as a percentage of turns spent in this place.
 D = Turns resting spent in this place as a percentage of non-inter-level travel turns spent in this place.
 E = Turns spent auto-exploring this place as a percentage of non-inter-level travel turns spent in this place.
 F = Non-inter-level travel turns spent in this place divided by the number of levels of this place that you've seen.
                   A       B       C       D       E      F
               +-------+-------+-------+-------+-------+----------------------
         Total | 100.0 | 100.0 |   0.0 |   0.0 |   0.0 |  59.0
         Abyss | 100.0 | 100.0 |   0.0 |   0.0 |   0.0 |  59.0
               +-------+-------+-------+-------+-------+----------------------

Levels and vault maps discovered:
Abyss:2:  hangedman_abyss_or_decor_jellyfish_corner
